 Dungeon Sprint DCSS version 0.27-a0-54-g64bdb92e38 (webtiles) character file.

Game seed: 5795773688001418221

5785 mhtbhm the Carver (level 10, -8/92 HPs)
             Began as a Minotaur Fighter on Jan 8, 2021.
             Was a Believer of Hepliaklqana.
             Killed from afar by a lindwurm (37 damage)
             ... with a blast of flame
             ... in the Dungeon (Sprint IX: "|||||||||||||||||||||||||||||").
             The game lasted 00:04:09 (2317 turns).

mhtbhm the Carver (Minotaur Fighter)                Turns: 2317, Time: 00:04:10

Health: -8/92      AC: 15    Str: 24    XL:     10   Next: 50%
Magic:  9/9        EV: 11    Int:  5    God:    Hepliaklqana [**....]
Gold:   0          SH: 14    Dex: 13    Spells: 9/9 levels left

rFire    . . .     SeeInvis .   a - +2 scimitar (holy)
rCold    . . .     Faith    .   c - +0 kite shield
rNeg     . . .     Spirit   .   b - +1 chain mail
rPois    .         Reflect  .   (helmet restricted)
rElec    .         Harm     .   (no cloak)
rCorr    .         Rampage  .   (no gloves)
Will     .....     NoTele   +   o - +0 pair of boots
Stlth    ..........             (no amulet)
HPRegen  0.25/turn              q - +3 ring of dexterity
MPRegen  0.11/turn              (no ring)

@: no status effects
A: retaliatory headbutt, reduced essence, horns 2
a: Renounce Religion, Recall Ancestor, Ancestor Identity


You were in the Dungeon.
You worshipped Hepliaklqana.
Hepliaklqana was pleased with you.
You visited 1 branch

Inventory:

Hand Weapons
 a - a +2 scimitar of holy wrath (weapon)
Armour
 b - a +1 chain mail (worn)
 c - a +0 kite shield (worn)
 o - a +0 pair of boots (worn)
Jewellery
 p - a +2 ring of protection
 q - a +3 ring of dexterity (left hand)
Scrolls
 j - a scroll of blinking
 l - 5 scrolls of remove curse
 m - 2 scrolls of amnesia
 t - a scroll of enchant armour
 u - 2 scrolls of fear
 v - 4 scrolls of enchant weapon
Potions
 d - 3 potions of might
 e - a potion of invisibility
 f - 2 potions of heal wounds
 g - a potion of haste
 h - 4 potions of magic
 i - a potion of berserk rage
 k - 3 potions of curing
 r - 2 potions of brilliance
 s - a potion of mutation


   Skills:
 + Level 14.0 Fighting
 + Level 14.6 Long Blades
 + Level 14.2 Armour
 + Level 5.6 Dodging
 + Level 1.8 Stealth
 + Level 14.2 Shields
 + Level 4.3 Evocations


You had 9 spell levels left.
You didn't know any spells.
Your spell library was empty.

Dungeon Overview and Level Annotations

Branches:
Dungeon (1/1)

Altars:
Cheibriados
Dithmenos
Elyvilon
Fedhas
Gozag
Hepliaklqana
Kikubaaqudgha
Makhleb
Nemelex Xobeh
Okawaru
Qazlal
Ru
Sif Muna
Trog
Uskayaw
Vehumet
Wu Jian
Xom
Yredelemnul
Zin
The Shining One
Beogh
Jiyva
Lugonu


Innate Abilities, Weirdness & Mutations

You reflexively headbutt those who attack you in melee.
You have a pair of horns on your head.
Your life essence is reduced to manifest your ancestor. (-10% HP)


Message History

The tyrant leech bites Ara!
Ara is destroyed!
Unknown command.
You aren't carrying any items that you can evoke.
You aren't carrying any items that you can evoke.
You feel much better.
You closely miss the tyrant leech. Your headbutt misses the tyrant leech.
The tyrant leech is almost dead.
The tyrant leech bites you.
The tyrant leech draws strength from your injuries!
You hit the tyrant leech but do no damage.
The tyrant leech is almost dead.
You barely miss the tyrant leech. You headbutt the tyrant leech!
You kill the tyrant leech!
The worm bites you.
You slash the worm! You headbutt the worm.
You kill the worm!
The lindwurm breathes flames at you. The blast of flame hits you!!!
You die...

▓.▓.▓_▓
▓.▓.▓_▓
▓.▓.▓_▓
▓.▓.▓_▓
▓.▓.▓_▓
▓k▓.▓_▓
▓k▓.▓_▓
▓†▓.▓_▓
▓@▓.▓_▓
▓.▓.▓_▓
▓.▓.▓_▓
▓.▓.▓_▓
▓.▓.▓_▓
▓.▓.▓_▓
▓.▓.▓_▓
▓.▓.▓_▓
▓.▓.▓_▓


You could see 2 lindwurms.

Vanquished Creatures
  A hydra (D)
  An unseen horror (D)
  3 cane toads (D)
  3 komodo dragons (D)
  A troll (D)
  A polar bear (D)
  3 tyrant leeches (D)
  A dream sheep (D)
  2 yaks (D)
  A wyvern (D)
  A basilisk (D)
  6 water moccasins (D)
  A sky beast (D)
  A black bear (D)
  An eye of draining (D)
  2 centaurs (D)
  A hound (D)
  A quasit (D)
  2 iguanas (D)
  A worker ant (D)
  An adder (D)
  An adder skeleton (D)
  A worm (D)
  2 leopard geckos (D)
  A ball python (D)
  A goblin (D)
  A frilled lizard (D)
  2 rats (D)
44 creatures vanquished.

Vanquished Creatures (others)
  3 knights (D)
  2 ancestors (D)
5 creatures vanquished.

Grand Total: 49 creatures vanquished

Notes
Turn   | Place    | Note
-------+----------+-------------------------------------------
     0 | D        | mhtbhm the Minotaur Fighter began the quest for the Orb.
     0 | D        | Reached XP level 1. HP: 19/19 MP: 0/0
    35 | D        | Noticed an iguana
    35 | D        | Noticed a worker ant
    35 | D        | Noticed an iguana
    39 | D        | Killed an iguana
    40 | D        | Reached skill level 5 in Fighting
    40 | D        | Reached skill level 5 in Armour
    40 | D        | Reached skill level 5 in Shields
    40 | D        | Reached XP level 2. HP: 18/29 MP: 1/1
    40 | D        | Reached XP level 3. HP: 22/36 MP: 2/2
    49 | D        | Reached XP level 4. HP: 24/45 MP: 3/3
    58 | D        | Found a roughly hewn altar of Beogh.
    58 | D        | Found a snail-covered altar of Cheibriados.
    58 | D        | Found a shadowy altar of Dithmenos.
    58 | D        | Found a white marble altar of Elyvilon.
    58 | D        | Found a blossoming altar of Fedhas.
    58 | D        | Found an opulent altar of Gozag.
    59 | D        | Found a hazy altar of Hepliaklqana.
    60 | D        | Found a viscous altar of Jiyva.
    61 | D        | Found an ancient bone altar of Kikubaaqudgha.
    62 | D        | Found a corrupted altar of Lugonu.
    63 | D        | Found a burning altar of Makhleb.
    64 | D        | Found a sparkling altar of Nemelex Xobeh.
    65 | D        | Found an iron altar of Okawaru.
    66 | D        | Found a stormy altar of Qazlal.
    67 | D        | Found a sacrificial altar of Ru.
    68 | D        | Found a shimmering blue altar of Sif Muna.
    69 | D        | Found a bloodstained altar of Trog.
    70 | D        | Found a hide-covered altar of Uskayaw.
    71 | D        | Found a radiant altar of Vehumet.
    74 | D        | Found an ornate altar of the Wu Jian Council.
    75 | D        | Found a shimmering altar of Xom.
    76 | D        | Found a basalt altar of Yredelemnul.
    77 | D        | Found a glowing silver altar of Zin.
    78 | D        | Found a glowing golden altar of the Shining One.
   103 | D        | Became a worshipper of Hepliaklqana the Forgotten
   167 | D        | Noticed a centaur
   167 | D        | Noticed a black bear
   168 | D        | Killed a black bear
   169 | D        | Reached skill level 5 in Long Blades
   169 | D        | Reached XP level 5. HP: 47/47 MP: 4/4
   173 | D        | Reached skill level 1 in Dodging
   181 | D        | Killed an unseen horror
   182 | D        | Reached skill level 10 in Fighting
   182 | D        | Reached skill level 10 in Armour
   182 | D        | Reached skill level 10 in Shields
   182 | D        | Reached XP level 6. HP: 32/60 MP: 5/5
   182 | D        | Reached XP level 7. HP: 35/65 MP: 6/6
   368 | D        | Noticed a four-headed hydra
   368 | D        | Noticed a troll
   428 | D        | HP: 3/66 [seven-headed hydra (1)]
   432 | D        | Killed a troll
   433 | D        | Reached skill level 10 in Long Blades
   433 | D        | Reached XP level 8. HP: 4/73 MP: 2/7
   433 | D        | Killed a seven-headed hydra
   772 | D        | Reached XP level 9. HP: 81/81 MP: 0/8
   864 | D        | Reached * piety under Hepliaklqana
   952 | D        | Noticed a cane toad
   952 | D        | Noticed a cane toad
   952 | D        | Noticed a komodo dragon
   957 | D        | Killed a komodo dragon
   959 | D        | Noticed a komodo dragon
   969 | D        | Killed a cane toad
   970 | D        | Reached skill level 5 in Dodging
   978 | D        | Killed a cane toad
   979 | D        | Reached skill level 1 in Stealth
   990 | D        | Killed a komodo dragon
   995 | D        | Reached ** piety under Hepliaklqana
  1250 | D        | Remembered your ancestor Ara as a knight
  1259 | D        | Noticed a cane toad
  1259 | D        | Noticed a polar bear
  1259 | D        | Noticed a komodo dragon
  1268 | D        | Killed a komodo dragon
  1269 | D        | Reached XP level 10. HP: 48/90 MP: 9/9
  1302 | D        | Killed a cane toad
  1569 | D        | Noticed a lindwurm
  1569 | D        | Noticed a lindwurm
  2317 | D        | Killed from afar by a lindwurm

Illustrated notes

Levels and vault maps discovered:
D:        linesprint [early_d, line_temple, items_1, d_10, items_2, lair_1,
          lair_end, items_3, orc_1, orc_end, items_4, d_15, swamp_1, shoals_1,
          snake_1, spider_1, d_20, vaults_1, items_5, swamp_end, shoals_end,
          snake_end, spider_end, vaults_end, d_27, items_6, zot_1, zot_end,
          crypt_end, forest_end, elf_end, slime_end, tomb_end, abyss_end,
          pan_hell_end]

Skill      XL: |  1  2  3  4  5  6  7  8  9 10 |
---------------+-------------------------------+-----
Fighting       | 5 6 7 10 11 12 13 14 | 14.0
Armour         | 5 6 7 10 11 12 13 14 | 14.2
Shields        | 5 6 7 10 11 12 13 14 | 14.2
Long Blades    | 3 4 5 8 10 11 13 14 | 14.6
Dodging        | 3 4 5 |  5.6
Evocations     | 2 3 4 |  4.3
Stealth        | 1 |  1.8

Action                   |  1- 3 |  4- 6 |  7- 9 | 10-12 || total
-------------------------+-------+-------+-------+-------++-------
Melee: Long sword        |    22 |     3 |       |       ||    25
       Headbutt          |     5 |     7 |    19 |    21 ||    52
       Scimitar          |       |    14 |    78 |    96 ||   188
Invok: Ancestor Identity |       |       |     2 |       ||     2
       Ancestor Life: Kn |       |       |     1 |       ||     1
Evoke: Wand              |       |       |     8 |     2 ||    10
  Use: Potion            |     1 |       |       |     2 ||     3
       Scroll            |       |       |     1 |       ||     1
Armor: Scale mail        |     4 |       |       |       ||     4
       Chain mail        |       |    19 |    15 |    14 ||    48
Dodge: Dodged            |     6 |     2 |    11 |     5 ||    24
Block: Kite shield       |    10 |     3 |    36 |    30 ||    79
       Rpst.: Long sword |     1 |     1 |       |       ||     2
       Scimitar          |       |       |     2 |       ||     2

Table legend: (Time is in decaauts)
 A = Elapsed time spent in this place.
 B = Non-inter-level travel time spent in this place.
 C = Inter-level travel time spent in this place.
 D = Time resting spent in this place.
 E = Time spent auto-exploring this place.
 F = Levels seen in this place.
 G = Mean time per level.
                   A        B        C        D        E       F      G
               +--------+--------+--------+--------+--------+-----+--------+
         Total |   2286 |   2286 |      0 |   1682 |    144 |   1 | 2286.0 |
       Dungeon |   2286 |   2286 |      0 |   1682 |    144 |   1 | 2286.0 |
               +--------+--------+--------+--------+--------+-----+--------+

Top non-repeatable levels by time:
       D: 2286 daAuts
